Map: Oxide LE

Players

PartinG - Winner!

  • Race: Protoss Protoss

LiquidClem (Clem)

  • Race: Terran Terran

Event: DreamHack SC2 Masters 2021 Fall

VOD

Have the link to the VOD?

Description

Time

  • Played on: Sept. 11, 2021, 12:34 p.m.
  • Length: 11:07

All games in this series

Show
View Real Time Build Order
Export as new Build Order

PartinG Protoss - Winner!

Build Orders: 1 Gate Expand, Blink Stalkers 

Get SALT Encoding   

  12  0:00  Probe  
  13  0:12  Probe  
  14  0:17  Pylon  
  14  0:24  Probe (Chrono Boost)  
  15  0:36  Gateway  
  15  0:37  Probe (Chrono Boost)  
  16  0:44  Probe (Chrono Boost)  
  16  0:45  Assimilator  
  17  0:51  Probe  
  18  1:03  Probe  
  19  1:15  Probe  
  20  1:24  Cybernetics Core  
  20  1:27  Probe  
  21  1:35  Nexus  
  21  1:42  Pylon  
  21  1:48  Assimilator  
  21  1:50  Probe  
  22  1:58  Adept (Chrono Boost)  
  24  2:01  Warp Gate  
  24  2:03  Probe  
  25  2:15  Probe  
  25  2:18  Adept (Chrono Boost)  
  28  2:26  Shield Battery  
  28  2:27  Probe  
  29  2:36  Twilight Council  
  29  2:40  Probe  
  30  2:48  Probe  
  31  2:52  Probe  
  31  2:57  Stalker (Chrono Boost)  
  32  2:59  Shield Battery  
  32  3:04  Probe x2  
  34  3:13  Blink (Chrono Boost)  
  34  3:15  Gateway  
  34  3:24  Probe x2  
  36  3:31  Pylon  
  36  3:37  Robotics Facility  
  36  3:39  Probe  
  36  3:41  Probe  
  38  3:52  Stalker  
  33  4:01  Probe x2  
  34  4:10  Stalker  
  34  4:13  Probe x2  
  38  4:17  Stalker  
  39  4:28  Warp Prism  
  41  4:32  Probe x2  
  43  4:39  Gateway  
  43  4:44  Stalker  
  45  4:47  Probe  
  45  4:48  Probe  
  47  4:54  Stalker  
  47  4:59  Probe  
  50  5:01  Probe  
  50  5:03  Pylon  
  51  5:08  Stalker  
  52  5:17  Stalker  
  53  5:25  Observer  
  52  5:30  Probe x2  
  52  5:31  Stalker  
  52  5:35  Stalker  
  56  5:46  Stalker  
  56  5:49  Probe x2  
  58  5:52  Assimilator x2  
  58  5:53  Pylon  
  54  6:04  Stalker x2  
  54  6:10  Observer, Probe x2  
  61  6:12  Stalker  
  61  6:22  Probe x2 (Chrono Boost)  
  63  6:31  Stalker x2  
  68  6:33  Probe x2 (Chrono Boost)  
  68  6:36  Stalker  
  70  6:46  Charge (Chrono Boost)  
  70  6:47  Pylon  
  70  6:48  Pylon  
  70  6:52  Probe x2  
  66  6:59  Templar Archives  
  66  7:02  Robotics Bay  
  66  7:04  Probe x2  
  68  7:08  Nexus  
  68  7:13  Observer  
  68  7:21  Probe x2  
  68  7:27  Stalker  
  68  7:28  Stalker x2  
  74  7:31  Gateway  
  74  7:33  Probe x2  
  76  7:40  Pylon  
  76  7:48  Probe  
  76  7:49  Colossus (Chrono Boost), Probe  
  78  7:54  Extended Thermal Lance (Chrono Boost)  
  82  8:00  Sentry  
  82  8:03  Shield Battery  
  84  8:14  Shield Battery, Stalker x2  
  88  8:24  Gateway  
  88  8:25  Gateway  
  88  8:26  Probe x2  
  90  8:30  Gateway  
  90  8:34  Pylon  
  90  8:38  Colossus (Chrono Boost)  
  90  8:43  Observer  
  96  8:55  Zealot x4  
  102  9:02  Gateway, Shield Battery  
  98  9:03  Pylon  
  98  9:15  Stalker x3  
  102  9:23  Zealot x3  
  106  9:30  Colossus (Chrono Boost)  
  88  9:49  Stalker x3, Zealot x4  
  100  9:55  Probe x2  
  100  9:56  Forge  
  100  9:58  Forge  
  100  9:59  Stalker  
  97  10:14  Zealot x3  
  97  10:15  Zealot x3  
  97  10:20  Observer  
  105  10:22  Probe  
  105  10:23  Assimilator  
  105  10:24  Observer (Chrono Boost), Assimilator  
  91  10:38  Stalker x3  
  99  10:46  Templar Archives, Probe  
  99  10:47  Probe x2  
  98  10:58  Pylon  
  98  11:02  Stalker x4  
Show
View Real Time Build Order
Export as new Build Order

LiquidClem Terran 

Build Orders: 1/1/1 

Get SALT Encoding   

  12  0:00  SCV  
  13  0:12  SCV  
  14  0:17  Supply Depot  
  14  0:24  SCV  
  15  0:28  Refinery  
  15  0:38  SCV  
  16  0:43  Barracks  
  16  0:50  SCV  
  17  1:02  SCV  
  18  1:14  SCV  
  19  1:30  Marine, Orbital Command  
  20  1:33  Factory  
  20  1:48  Barracks Reactor  
  20  1:51  Supply Depot  
  20  1:56  SCV  
  21  2:09  SCV  
  21  2:13  Supply Depot  
  22  2:21  SCV  
  23  2:24  Starport  
  23  2:28  Hellion x2  
  27  2:33  SCV  
  27  2:36  Marine  
  29  2:45  Command Center  
  29  2:50  Hellion  
  31  2:55  Hellion  
  33  3:02  Medivac  
  35  3:08  SCV  
  35  3:09  Supply Depot  
  36  3:14  Refinery  
  36  3:21  SCV  
  36  3:22  Marine  
  36  3:25  Marine, Factory Tech Lab  
  39  3:34  SCV  
  40  3:40  Marine  
  41  3:43  Marine  
  41  3:46  SCV  
  43  3:51  Siege Tank  
  44  3:58  Marine, SCV  
  44  4:01  Marine, Orbital Command  
  47  4:05  Bunker  
  47  4:16  Marine  
  48  4:19  Marine, Bunker  
  49  4:26  Siege Tank  
  50  4:34  Marine, SCV  
  50  4:36  Marine  
  50  4:37  Viking  
  55  4:47  Barracks  
  55  4:52  Marine  
  56  4:54  Engineering Bay  
  56  4:56  Marine  
  57  5:05  Supply Depot  
  57  5:06  SCV  
  58  5:09  Marine  
  58  5:13  SCV  
  58  5:14  Marine  
  55  5:22  Siege Tank, SCV  
  55  5:25  SCV  
  55  5:26  Supply Depot  
  55  5:27  Marine  
  56  5:34  SCV  
  56  5:37  Marine, SCV  
  56  5:38  Barracks Tech Lab  
  58  5:45  Marine  
  58  5:46  SCV  
  58  5:49  SCV  
  55  5:54  Siege Tank  
  55  5:55  Marine  
  59  5:58  SCV  
  59  6:00  Marine  
  59  6:01  SCV  
  58  6:04  Marine  
  58  6:05  Medivac  
  58  6:10  Barracks, SCV  
  61  6:13  Marine, SCV  
  61  6:18  Marine  
  60  6:22  Marine  
  60  6:23  SCV  
  60  6:25  SCV  
  63  6:27  Supply Depot  
  63  6:28  Siege Tank  
  63  6:31  Marine  
  66  6:34  Bunker  
  66  6:41  SCV x2  
  66  6:42  Marine x2  
  68  6:48  Viking  
  68  6:51  Marine  
  68  6:54  SCV  
  71  7:00  Marine, Stimpack  
  71  7:01  Barracks Tech Lab  
  72  7:02  SCV  
  72  7:04  Refinery  
  72  7:05  Marine  
  72  7:07  SCV  
  75  7:09  Marine  
  75  7:13  Factory Reactor  
  75  7:14  Terran Infantry Weapons Level 1, SCV  
  77  7:18  Marine  
  77  7:20  Marauder, SCV  
  77  7:23  Marine  
  76  7:30  Marine  
  76  7:31  Supply Depot  
  76  7:33  SCV x2  
  76  7:34  Refinery  
  79  7:41  Marauder, Starport Reactor  
  79  7:43  Marine x2  
  83  7:47  SCV  
  83  7:48  SCV  
  82  7:53  Marine  
  81  7:59  SCV  
  81  8:02  Marauder  
  81  8:03  Widow Mine x2  
  81  8:04  Marine  
  89  8:09  SCV  
  89  8:11  SCV  
  91  8:14  Marine, Barracks  
  91  8:16  Barracks, Supply Depot  
  91  8:17  Supply Depot  
  92  8:21  Medivac  
  94  8:29  Supply Depot  
  94  8:31  Combat Shield  
  94  8:37  Marine x2, SCV x2, Medivac, Marauder  
  94  8:39  Widow Mine x2, Marauder  
  107  8:41  Concussive Shells  
  107  8:43  Supply Depot  
  107  8:44  Supply Depot  
  106  8:55  Marine  
  103  8:57  Medivac  
  103  8:59  Marauder  
  103  9:00  Supply Depot  
  103  9:01  Marine, Supply Depot  
  107  9:03  Barracks Reactor, Barracks Tech Lab  
  107  9:04  Widow Mine x2  
  107  9:07  Marine  
  112  9:11  Supply Depot  
  112  9:15  Marine  
  112  9:16  Medivac  
  115  9:20  Marauder  
  115  9:21  Marine  
  115  9:23  Marauder  
  118  9:26  Marauder  
  119  9:32  Widow Mine x2  
  119  9:37  Marine  
  117  9:42  Marauder  
  117  9:44  Marine x2, Marauder  
  117  9:45  Marine  
  102  9:47  Marauder  
  104  9:55  Widow Mine x2, Marine  
  104  9:57  Liberator  
  110  10:02  Marine x2  
  110  10:03  Marauder  
  110  10:05  Marauder  
  116  10:08  Marauder  
  116  10:09  Marine  
  106  10:17  Widow Mine  
  106  10:18  Marine  
  107  10:24  Marauder  
  107  10:26  Viking  
  107  10:27  Marauder  
  104  10:29  Marine x3  
  104  10:30  Marauder  
  103  10:36  Widow Mine, Marine  
  103  10:38  Orbital Command  
  103  10:44  Widow Mine  
  105  10:50  Refinery  
  105  10:53  Refinery  

Tags
 
Add a new tag
Caveats
  • Supply blocks, unpowered buildings, or Contaminate may cause inaccurate times.
  • Supply counts are checked every 10 seconds.